 Dungeon Crawl Stone Soup version 0.19-a0-1216-g363869b (webtiles) character file.

28581 xXPussyDestroyerXx the Severer (level 13, -4/93 HPs)
             Began as a Demonspawn Wanderer on Aug 23, 2016.
             Was an Elder of Qazlal.
             Slain by a nine-headed hydra (8 damage)
             ... on level 6 of the Lair of Beasts.
             The game lasted 00:27:29 (11905 turns).

xXPussyDestroyerXx the Severer (DsWn)              Turns: 11905, Time: 00:27:30

Health: -4/93      AC: 16    Str: 22    XL:     13   Next: 10%
Magic:  20/20      EV:  6    Int: 15    God:    Qazlal [****..]
Gold:   887        SH:  7    Dex:  8    Spells: 0 memorised, 12 levels left

rFire  + . .     SeeInvis +     R - +1 executioner's axe (elec)
rCold  . . .     Gourm    .     h - +0 plate armour
rNeg   . . .     Faith    .     (shield currently unavailable)
rPois  .         Spirit   .     (helmet restricted)
rElec  .         Dismiss  .     T - +1 cloak {MR+}
rCorr  .         Reflect  .     E - +0 pair of gloves
MR     +....     Harm     .     (boots unavailable)
Stlth  ..........               k - amulet of regeneration
                                e - -2 ring of dexterity
                                I - ring of protection from fire

@: mighty, repel missiles
A: claws 1, hooves 3, horns 1, large bone plates 1, see invisible, powered by
pain 2, screaming 1, spiny 1, weak 1, wild magic 1, no device heal 1
a: Upheaval, Elemental Force, Renounce Religion


You were on level 6 of the Lair of Beasts.
You worshipped Qazlal.
Qazlal was greatly pleased with you.
You were not hungry.

You visited 2 branches of the dungeon, and saw 15 of its levels.
You also visited: Ossuary.

You collected 887 gold pieces.

Inventory:

Hand Weapons
 a - a +3 hand axe
 R - a +1 executioner's axe of electrocution (weapon)
Armour
 b - a +0 ring mail
 h - a +0 plate armour (worn)
 E - a +0 pair of gloves (worn)
 T - a +1 cloak of magic resistance (worn)
Rods
 X - a +1 lightning rod (12/12)
   (You found it on level 8 of the Dungeon)
Jewellery
 e - a -2 ring of dexterity (right hand)
 g - an uncursed ring of loudness
 k - an amulet of regeneration (around neck)
 n - an uncursed ring of see invisible {unknown}
 u - an uncursed amulet of magic regeneration
 x - an uncursed ring of stealth
 F - an uncursed ring of stealth
 I - a ring of protection from fire (left hand)
 U - the ring of Beogh's Hope {Fire Dex+4}
   (You found it on level 8 of the Dungeon)

   [ring of fire]

   It enhances your fire magic.
   It affects your dexterity (+4).
   It protects you from fire.
   It makes you vulnerable to cold.
Wands
 A - a wand of flame (44/48)
 C - a wand of teleportation (6/9)
 G - a wand of paralysis (3/24)
 L - a wand of acid (5/15)
 O - a wand of flame (16/48)
 P - a wand of acid (9/15)
 Q - a wand of acid (5/15)
 V - a wand of paralysis (7/24)
Scrolls
 l - 15 scrolls of identify
 m - a scroll of enchant armour
 o - 5 scrolls of remove curse
 p - 2 scrolls of blinking
 q - 4 scrolls of fear
 r - 4 scrolls of magic mapping
 s - 2 scrolls of recharging
 y - 10 scrolls of teleportation
 J - 3 scrolls of enchant weapon
 Y - 2 scrolls of amnesia
Potions
 c - 6 potions of curing
 i - 3 potions of lignification
 v - a potion of agility
 D - 3 potions of magic
 K - a potion of flight
 N - a potion of heal wounds
 S - a potion of brilliance
Books
 t - a book of Necromancy

   Spells                             Type                      Level
   a - Pain                           Necromancy                   1
   b - Animate Skeleton               Necromancy                   1
   c - Vampiric Draining              Necromancy                   3
   d - Regeneration                   Charms/Necromancy            3
   e - Animate Dead                   Necromancy                   4
   f - Control Undead                 Necromancy                   4
 M - Sif Muna's Catalogue of Changing
   (You found it on level 5 of the Dungeon)

   Spells                             Type                      Level
   a - Beastly Appendage              Transmutation                1
Comestibles
 d - 5 bread rations
 f - 3 beef jerkies
 j - 20 fruits
 z - 4 slices of pizza
 B - 5 meat rations
 W - 10 royal jellies


   Skills:
 - Level 6.2 Fighting
 + Level 17.5 Axes
 - Level 1.0 Throwing
 - Level 3.3 Armour
 - Level 1.0 Stealth
 - Level 10.0 Invocations
 - Level 1.0 Evocations


You had 12 spell levels left.
You didn't know any spells.

Dungeon Overview and Level Annotations

Branches:
Dungeon (9/15)             Temple (0/1) D:4            Lair (6/6) D:9
  Swamp (0/4) Lair:2       Spider (0/4) Lair:3        Slime (0/5) Lair:5
    Orc (0/2) D:9

Altars:
Cheibriados
Fedhas
Kikubaaqudgha
Makhleb
Qazlal
Ru
Sif Muna
Vehumet
Xom
Zin
Jiyva


Innate Abilities, Weirdness & Mutations

You have hooves in place of feet.
You are partially covered in large bone plates. (AC +2, SH +2)
You sometimes gain power by taking damage.
You are partially covered in sharp spines.
You have sharp fingernails.
You have a pair of small horns on your head.
You have supernaturally acute eyesight. (SInv)
You occasionally shout uncontrollably at your foes.
You are weak. (Str -2)
Your spells are a little harder to cast, but a little more powerful.
Potions and wands are less effective at restoring your health.


Message History

Unknown command.
You are too injured to fight recklessly!
You are too injured to fight recklessly!
Unknown command.
You hack one of the eight-headed hydra's heads off!
The seven-headed hydra grows two more!
You slash the nine-headed hydra!
Your headbutt misses the nine-headed hydra.
The nine-headed hydra is almost dead.
You block the nine-headed hydra's attack.
The nine-headed hydra bites you.
* * * LOW HITPOINT WARNING * * *
The nine-headed hydra bites you.
* * * LOW HITPOINT WARNING * * *
The nine-headed hydra bites you!
* * * LOW HITPOINT WARNING * * *
The nine-headed hydra bites you.
* * * LOW HITPOINT WARNING * * *
The nine-headed hydra bites you but does no damage.
The nine-headed hydra bites you!
You die...

#.. ............. P..
.............
....##.....#.........P..
.....P....# ..........P#
........... #..........#
..........###........PP.
....PP....##...§§§....P.
P##..#.....#..§.§.......
.....#.....#....@D§.###
...........[P...§...#
...............§.§..#
......................
.##.....................
#..........P........##..
###........#.#.....## #
P#..........#.....P#
.#..........#......


You could see a nine-headed hydra.

Vanquished Creatures
  3 hydras
  6 death yaks (Lair:4)
  3 black mambas
  4 elephants (Lair:3)
  The ghost of clown the Changer, a novice NaTm (Ossuary)
  9 spiny frogs
  A torpor snail (Lair:3)
  2 komodo dragons
  Prince Ribbit (D:7)
  4 blink frogs (Lair:2)
  A wyvern (Lair:5)
  21 yaks
  8 hippogriffs
  A steam dragon (D:9)
  2 basilisks
  A hungry ghost (D:9)
  A soldier ant (D:8)
  8 water moccasins
  9 porcupines
  An ice beast (D:8)
  2 orc warriors (D:6)
  7 sky beasts
  3 wasps (D:8)
  3 black bears
  3 ogres
  13 wolves
  3 centaurs
  15 crocodiles
  A big kobold (D:9)
  14 giant frogs
  A wyvern skeleton (D:9)
  A water moccasin zombie (D:7)
  4 scorpions
  6 killer bees (D:9)
  5 wights (D:6)
  A jelly (D:7)
  A centaur zombie (Ossuary)
  6 crimson imps
  7 hounds
  A centaur skeleton (D:7)
  An iron imp (D:8)
  4 orc priests
  9 orc wizards
  Crazy Yiuf (D:7)
  8 iguanas
  11 worker ants
  Natasha (thrice) (D:4)
  A killer bee zombie (D:5)
  12 sheep (Lair:6)
  2 big kobold zombies (Ossuary)
  2 hound skeletons
  5 mummies (Ossuary)
  A worker ant zombie (D:6)
  11 adders
  11 river rats
  3 shadow imps
  2 adder skeletons
  2 adder zombies (D:7)
  6 worms
  3 dart slugs
  8 giant geckos
  29 orcs
  11 bats
  8 giant cockroaches
  3 goblins (D:1)
  8 hobgoblins
  10 jackals
  15 kobolds
  3 quokkas (D:4)
  A giant gecko zombie (D:6)
  A giant newt (D:4)
  2 hobgoblin zombies (Ossuary)
  7 rats
  3 bushes
  20 fungi
  16 plants
427 creatures vanquished.

Vanquished Creatures (collateral kills)
  2 hydras (Lair:3)
  A hill giant (D:7)
  2 elephants (Lair:3)
  A komodo dragon (Lair:3)
  A wolf (Lair:3)
  An iguana (Lair:3)
8 creatures vanquished.

Vanquished Creatures (others)
  A bush (Lair:2)
  7 fungi
  6 plants
14 creatures vanquished.

Grand Total: 449 creatures vanquished

Notes
Turn   | Place    | Note
-------+----------+-------------------------------------------
     0 | D:1      | xXPussyDestroyerXx the Demonspawn Wanderer began the quest for the Orb.
     0 | D:1      | xXPussyDestroyerXx set off with: a +2 hand axe, a +0 ring mail, a potion of curing, a bread ration
     0 | D:1      | Reached XP level 1. HP: 21/21 MP: 1/1
    26 | D:1      | Gained mutation: You have large cloven feet. [demonic ancestry]
    26 | D:1      | Reached XP level 2. HP: 16/27 MP: 2/2
   143 | D:1      | Reached skill level 2 in Axes
   324 | D:1      | Gained mutation: You are partially covered in sharp spines. [demonic ancestry]
   324 | D:1      | Reached XP level 3. HP: 28/33 MP: 3/3
   684 | D:2      | Reached skill level 3 in Axes
   707 | D:2      | Found a faded altar of an unknown god.
   717 | D:2      | Became a worshipper of Qazlal Stormbringer
   717 | D:2      | Reached * piety under Qazlal
   852 | D:2      | Gained mutation: You are partially covered in large bone plates. (AC +2, SH +2) [demonic ancestry]
   852 | D:2      | Reached XP level 4. HP: 33/39 MP: 4/4
   944 | D:2      | Reached ** piety under Qazlal
   960 | D:2      | Found a glowing silver altar of Zin.
  1029 | D:2      | Reached skill level 4 in Axes
  1452 | D:3      | Reached XP level 5. HP: 44/44 MP: 5/5
  2131 | D:4      | Found a staircase to the Ecumenical Temple.
  2144 | D:4      | Reached skill level 5 in Axes
  2147 | D:4      | Noticed Natasha
  2151 | D:4      | Killed Natasha
  2158 | D:4      | Noticed Natasha
  2166 | D:4      | Killed Natasha
  2227 | D:4      | You fall through a shaft!
  2227 | D:5      | Entered Level 5 of the Dungeon
  2229 | D:5      | Found a burning altar of Makhleb.
  2261 | D:5      | Reached *** piety under Qazlal
  2261 | D:5      | Reached XP level 6. HP: 38/51 MP: 6/6
  2375 | D:4      | Noticed Natasha
  2382 | D:4      | Killed Natasha
  2394 | D:4      | Reached skill level 6 in Axes
  2692 | D:5      | Reached XP level 7. HP: 41/56 MP: 7/7
  2704 | D:5      | Reached skill level 7 in Axes
  2822 | D:5      | Found an ancient bone altar of Kikubaaqudgha.
  2860 | D:5      | Found a radiant altar of Vehumet.
  2885 | D:5      | Found a deep blue altar of Sif Muna.
  2888 | D:5      | Identified Sif Muna's Catalogue of Changing
  3191 | D:5      | Found a shimmering altar of Xom.
  3197 | D:5      | Found a blossoming altar of Fedhas.
  3388 | D:6      | Reached skill level 8 in Axes
  3395 | D:6      | Reached **** piety under Qazlal
  3395 | D:6      | Gained mutation: You have hoof-like feet. [demonic ancestry]
  3395 | D:6      | Reached XP level 8. HP: 62/62 MP: 8/8
  3579 | D:6      | Found a sand-covered staircase.
  3677 | Ossuary  | Entered an ossuary
  3677 | Ossuary  | Noticed clown's ghost (novice NaTm)
  3699 | Ossuary  | Killed clown's ghost
  3699 | Ossuary  | Reached skill level 9 in Axes
  3908 | D:6      | Gained mutation: You sometimes gain a little power by taking damage. [demonic ancestry]
  3908 | D:6      | Reached XP level 9. HP: 35/69 MP: 9/9
  4116 | D:6      | Reached skill level 10 in Axes
  4397 | D:6      | Reached skill level 5 in Invocations
  4617 | D:7      | Reached ***** piety under Qazlal
  4717 | D:7      | Noticed Prince Ribbit
  4727 | D:7      | Killed Prince Ribbit
  4993 | D:7      | Noticed a hill giant
  5022 | D:7      | Killed a hill giant
  5022 | D:7      | Reached skill level 10 in Invocations
  5148 | D:7      | Found a runed door.
  5332 | D:7      | Noticed Crazy Yiuf
  5337 | D:7      | Killed Crazy Yiuf
  5384 | D:8      | Gained mutation: You sometimes gain power by taking damage. [demonic ancestry]
  5384 | D:8      | Reached XP level 10. HP: 76/76 MP: 17/17
  5431 | D:8      | Found a stormy altar of Qazlal.
  5499 | D:8      | Found a snail-covered altar of Cheibriados.
  5742 | D:8      | Found a blossoming altar of Fedhas.
  5775 | D:8      | Reached skill level 11 in Axes
  5834 | D:8      | Got a slimy brass ring
  6252 | D:8      | Identified the ring of Beogh's Hope {Fire Dex+4} (You found it on level 8 of the Dungeon)
  6459 | D:9      | Found a staircase to the Lair.
  6749 | D:9      | Found a sacrificial altar of Ru.
  6818 | D:9      | Found a staircase to the Orcish Mines.
  7038 | Lair:1   | Entered Level 1 of the Lair of Beasts
  7057 | Lair:1   | Gained mutation: Your magical capacity is low. (-10% MP) [potion of mutation]
  7057 | Lair:1   | Gained mutation: You are weak. (Str -2) [potion of mutation]
  7057 | Lair:1   | Gained mutation: Potions and wands are less effective at restoring your health. [potion of mutation]
  7058 | Lair:1   | Gained mutation: You have a pair of small horns on your head. [potion of mutation]
  7058 | Lair:1   | Lost mutation: Your magical capacity is low. (-10% MP) [potion of mutation]
  7058 | Lair:1   | Gained mutation: You occasionally shout uncontrollably at your foes. [potion of mutation]
  7133 | Lair:1   | Reached skill level 12 in Axes
  7714 | Lair:2   | Noticed a five-headed hydra
  7726 | Lair:2   | Killed a five-headed hydra
  7726 | Lair:2   | Gained mutation: You have hooves in place of feet. [demonic ancestry]
  7726 | Lair:2   | Reached XP level 11. HP: 50/81 MP: 3/18
  7875 | Lair:2   | Found a staircase to the Swamp.
  7924 | Lair:2   | Reached skill level 13 in Axes
  8032 | Lair:2   | Noticed a seven-headed hydra
  8038 | Lair:2   | Killed a seven-headed hydra
  8281 | Lair:2   | Reached skill level 14 in Axes
  9273 | Lair:3   | Noticed an eight-headed hydra
  9282 | Lair:3   | Killed an eight-headed hydra
  9327 | Lair:3   | Reached skill level 15 in Axes
  9360 | Lair:3   | Reached XP level 12. HP: 33/88 MP: 8/19
  9477 | Lair:3   | Noticed a five-headed hydra
  9515 | Lair:3   | Killed a six-headed hydra
  9590 | Lair:3   | Found a hole to the Spider Nest.
 10133 | Lair:4   | Reached skill level 16 in Axes
 10414 | Lair:4   | Identified a scroll of acquirement
 10507 | Lair:4   | Gained mutation: You have supernaturally acute eyesight. (SInv) [potion of mutation]
 10507 | Lair:4   | Gained mutation: You have sharp fingernails. [potion of mutation]
 10507 | Lair:4   | Gained mutation: Your spells are a little harder to cast, but a little more powerful. [potion of mutation]
 10611 | Lair:4   | Noticed a death yak
 10612 | Lair:4   | Noticed a death yak
 10612 | Lair:4   | Noticed a death yak
 10613 | Lair:4   | Noticed a death yak
 10614 | Lair:4   | Noticed a death yak
 10617 | Lair:4   | Noticed a death yak
 10626 | Lair:4   | Killed a death yak
 10627 | Lair:4   | HP: 4/88 [death yak (10)]
 10670 | Lair:4   | Killed a death yak
 10678 | Lair:4   | Killed a death yak
 10702 | Lair:4   | Killed a death yak
 10709 | Lair:4   | Killed a death yak
 10749 | Lair:4   | Killed a death yak
 10978 | Lair:4   | Reached skill level 17 in Axes
 11469 | Lair:5   | Found a viscous altar of Jiyva.
 11469 | Lair:5   | Found a staircase to the Slime Pits.
 11696 | Lair:6   | Entered Level 6 of the Lair of Beasts
 11764 | Lair:6   | Noticed an eight-headed hydra
 11770 | Lair:6   | Killed a ten-headed hydra
 11770 | Lair:6   | Reached XP level 13. HP: 48/93 MP: 20/20
 11905 | Lair:6   | HP: 4/93 [nine-headed hydra (4)]
 11905 | Lair:6   | Slain by a nine-headed hydra

Vault maps used:
D:1:      dpeg_arrival_simpleton_c
D:2:      minmay_wonky_spiral, lemuel_doored_altar, ecumenical_altar_2,
          minmay_tromino_v4_a
D:3:      first_bread, minmay_misc_feat_cross, kennysheep_nondescript
D:4:      kennysheep_generic_room_4, uniq_natasha
D:5:      grunt_temple_overflow_magic_moments, lemuel_round_altar,
          amethyst_overflow_temple_binary
D:6:      chequers_ossuary_entry_cave
D:7:      uniq_crazy_yiuf_cottage, uniq_prince_ribbit1
D:8:      slow_altar_1, overflow_temple_1_default, basic_altar,
          hangedman_pestilent_swarm
D:9:      nicolae_ru_sacrificial_ziggurat, dpeg_oklobed_lair, orc_0_dummy
Lair:2:   minmay_swamp_entry_reptiles, serial_bayou_lagoon_a, minmay_hedge_maze,
          beast_lair_carwin_5, grunt_megastairs_2
Lair:3:   nicolae_spider_entry_non_spiders, infiniplex_staircase_pool
Lair:5:   dpeg_slime_entry_enclosed_altar, st_stairs_4, minivault_27,
          kennysheep_catoblepas_arena
Lair:6:   wormcave, guppyfry_lair_end_dragon
Ossuary:  ossuary_the_hunt_dpeg

Skill      XL: |  1  2  3  4  5  6  7  8  9 10 11 12 |
---------------+-------------------------------------+-----
Axes           | 2 3 4 5 6 8 9 10 12 15 17 | 17.5
Armour         | 3 |  3.3
Fighting       | 6 |  6.2
Invocations    | 10 | 10.0
Throwing       | |  1.0
Stealth        | |  1.0
Evocations     | |  1.0

Action                   |  1- 3 |  4- 6 |  7- 9 | 10-12 | 13-15 || total
-------------------------+-------+-------+-------+-------+-------++-------
Melee: Hand axe          |    78 |   150 |   383 |   682 |       ||  1293
       Kick              |    13 |    36 |   103 |   177 |     6 ||   335
       Headbutt          |       |       |       |   100 |     4 ||   104
       Executioner's axe |       |       |       |    85 |    31 ||   116
Invok: Upheaval          |       |       |     1 |     4 |       ||     5
       Elemental Force   |       |       |     1 |     5 |       ||     6
       Disaster Area     |       |       |       |     1 |       ||     1
Evoke: Wand              |       |       |       |     3 |       ||     3
  Use: Scroll            |       |     2 |       |    15 |       ||    17
       Potion            |       |       |       |    17 |       ||    17
 Stab: Distracted        |       |       |       |     1 |       ||     1
  Eat: Bread ration      |       |     1 |     1 |     4 |       ||     6
       Chunk             |       |       |     4 |     8 |     1 ||    13
Armor: Ring mail         |    36 |    48 |    79 |    96 |       ||   259
       Plate armour      |       |       |       |   133 |    29 ||   162
Dodge: Dodged            |    54 |    58 |   101 |   169 |    13 ||   395
Block: Other             |     1 |    36 |    93 |   181 |    19 ||   330
